 Dungeon Crawl Stone Soup version 0.23.1-37-gaa34b87b72 (webtiles) character file.

Game seed: 8374224922806377458

23551 PentaManta the Impaler (level 13, -7/112 HPs)
             Began as a Merfolk Monk on Mar 25, 2019.
             Was the Champion of Okawaru.
             Mangled by a seven-headed hydra (9 damage)
             ... on level 12 of the Dungeon.
             The game lasted 00:44:44 (18559 turns).

PentaManta the Impaler (Merfolk Monk)              Turns: 18559, Time: 00:44:46

Health: -7/112     AC:  6    Str: 11    XL:     13   Next: 7%
Magic:  0/13       EV: 24    Int: 10    God:    Okawaru [******]
Gold:   371        SH:  0    Dex: 25    Spells: 12/12 levels left

rFire    + + .     SeeInvis +   w - +5 scythe "Finisher" {speed, eviscerate}
rCold    + + .     Gourm    .   (shield currently unavailable)
rNeg     . . .     Faith    .   k - +1 ring mail of Laaziug {+Fly rCorr Dex+4 Slay-6}
rPois    .         Spirit   +   (helmet restricted)
rElec    .         Reflect  .   l - scarf {rC+ rF+}
rCorr    +         Harm     .   (no gloves)
MR       .....                  (no boots)
Stlth    ++........             s - amulet "Rylun" {Spirit rF+}
HPRegen  0.28/turn              u - ring of see invisible
MPRegen  0.13/turn              m - ring of ice

@: flying, drained
A: change form in water, swift swim, stealthy swim, antennae 1, fire resistance
1
a: Heroism, Finesse, Renounce Religion


You were on level 12 of the Dungeon.
You worshipped Okawaru.
Okawaru was exalted by your worship.
You were near starving.

You visited 2 branches of the dungeon, and saw 14 of its levels.
You also visited: Sewer.

You collected 694 gold pieces.
You spent 323 gold pieces at shops.

Inventory:

Hand Weapons
 w - the +5 scythe "Finisher" (weapon) {speed, eviscerate}
   (Okawaru gifted it to you on level 9 of the Dungeon)

   Attacks with this weapon are significantly faster.
 D - a +1 bardiche of protection
 G - a +3 lajatang of electrocution
 I - a +3 antimagic glaive
 J - the +8 dagger of Eternal War {holy, Int+2, unknown}
   (You found it on level 13 of the Dungeon)

   It has been blessed by the Shining One to cause great damage to the undead
   and demons.
   It affects your intelligence (+2).
Armour
 k - the +1 ring mail of Laaziug (worn) {+Fly rCorr Dex+4 Slay-6}
   (You bought it in a shop on level 6 of the Dungeon)

   It affects your dexterity (+4).
   It affects your accuracy and damage with ranged weapons and melee attacks
   (-6).
   It lets you fly.
   It provides partial protection from all sources of acid and corrosion.
 l - a scarf of resistance (worn)
 q - a +0 large shield
 H - a +0 buckler
Jewellery
 m - a ring of ice (right hand)
 s - the amulet "Rylun" (around neck) {Spirit rF+}
   (You found it on level 5 of the Dungeon)

   [amulet of guardian spirit]

   It causes incoming damage to be split between your health and magic.
   It protects you from fire.
 u - a ring of see invisible (left hand)
 A - a cursed ring of teleportation {unknown}
 C - an uncursed amulet of the acrobat
Wands
 n - a wand of paralysis (5)
 x - a wand of digging (13)
 F - a wand of polymorph (7)
Scrolls
 d - 4 scrolls of enchant armour
 e - 20 scrolls of remove curse
 f - 2 scrolls of amnesia
 g - a scroll of fear
 v - 2 scrolls of teleportation
 y - 2 scrolls of fog
 z - 7 scrolls of identify
 B - 2 scrolls of blinking {unknown}
 E - a scroll of enchant weapon {unknown}
 K - a scroll of summoning {unknown}
Potions
 a - 3 potions of flight
 b - a potion of invisibility {unknown}
 h - a potion of resistance {unknown}
 i - a potion of cancellation
 j - 5 potions of lignification
 p - 2 potions of brilliance
 r - 2 potions of curing
 t - 2 potions of agility
 L - a potion of mutation
Comestibles
 c - 24 rations


   Skills:
 + Level 13.9(13.1) Fighting
 + Level 17.4(16.6) Polearms
 + Level 16.2(15.4) Dodging
 - Level 2.1(1.6) Stealth


You had 12 spell levels left.
You didn't know any spells.
Your spell library contained the following spells:

 Spells                   Type           Power        Failure   Level  Hunger
 Confusing Touch          Hex            #.....       67%         1    ##.....
 Corona                   Hex            #......      67%         1    ##.....
 Magic Dart               Conj           #...         67%         1    ##.....
 Sting                    Conj/Pois      #...         67%         1    ##.....
 Blink                    Tloc           N/A          80%         2    ###....
 Call Imp                 Summ           #.......     80%         2    ###....
 Ensorcelled Hibernation  Hex/Ice        #.....       80%         2    ###....
 Poisonous Vapours        Pois/Air       #.....       80%         2    ###....
 Slow                     Hex            #.......     80%         2    ###....
 Confuse                  Hex            #.......     95%         3    ####...
 Conjure Flame            Conj/Fire      #.......     95%         3    ####...
 Dazzling Spray           Conj/Hex       #.....       95%         3    ####...
 Gell's Gravitas          Tloc           #.........   95%         3    ####...
 Mephitic Cloud           Conj/Pois/Air  #.......     95%         3    ####...
 Tukima's Dance           Hex            #.......     95%         3    ####...
 Olgreb's Toxic Radiance  Pois           #.......     100%        4    #####..
 Petrify                  Tmut/Erth      #.......     100%        4    #####..
 Metabolic Englaciation   Hex/Ice        #.........   100%        5    ######.
 Venom Bolt               Conj/Pois      #.........   100%        5    ######.
 Yara's Violent Unravell  Hex/Tmut       #.........   100%        5    ######.


Dungeon Overview and Level Annotations

Branches:
Dungeon (13/15)            Temple (1/1) D:4            Lair (0/6) D:9
    Orc (0/2) D:12
 Vaults: D:13-14

Altars:
Ashenzari
Cheibriados
Dithmenos
Elyvilon
Fedhas
Gozag
Hepliaklqana
Kikubaaqudgha
Makhleb
Nemelex Xobeh
Okawaru
Qazlal
Ru
Sif Muna
Trog
Uskayaw
Vehumet
Wu Jian
Xom
Yredelemnul
Zin
The Shining One
Beogh

Shops:
D:6 [   D:8 [   D:9 =

Annotations:
D:7 2 transporters
D:11 1 runed translucent door, Marjanaama's ghost, journeyman MiBe


Innate Abilities, Weirdness & Mutations

You revert to your normal form in water You are very nimble and swift while swimming.
You are very stealthy in the water. (Stealth+)
You have a pair of small antennae on your head.
Your flesh is heat resistant. (rF+)


Message History

The seven-headed hydra closely misses you.
The seven-headed hydra bites you!
* * * LOW HITPOINT WARNING * * *
The seven-headed hydra completely misses you.
The seven-headed hydra barely misses you.
The seven-headed hydra completely misses you.
It was a potion of flight.
You feel very buoyant.
You fly up into the air.
The seven-headed hydra misses you. The seven-headed hydra bites you!
* * * LOW HITPOINT WARNING * * *
The seven-headed hydra bites you.
* * * LOW HITPOINT WARNING * * *
The seven-headed hydra bites you.
* * * LOW HITPOINT WARNING * * *
The seven-headed hydra barely misses you.
The seven-headed hydra bites you!
* * * LOW HITPOINT WARNING * * *
The seven-headed hydra bites you!
You die...

.....###
#)[..).#############..
.......## #.<[..## ##.
........# ##zD.zz# #.
....##### #..###.# ##
....# ##..# #y# # ...###
#..z###D#
.."?.#####.#.#.{.#
....(.(..>.#..y######
....##..)......D@...##
###
...###..###..######..###
#.. ..####.## #.##
##...##### ##.# #####..#
### ###.....###).#
..)...## #####....))#
.###### ###########...).
## ######...............
# #............########
# ############## #


You could see a seven-headed hydra and a killer bee.

Vanquished Creatures
  A centaur warrior (D:13)
  6 two-headed ogres
  3 skeletal warriors (D:12)
  2 unseen horrors
  An orc knight (D:12)
  2 manticores
  A gargoyle (D:12)
  2 kobold demonologists (D:11)
  A komodo dragon (D:9)
  2 trolls
  A hornet (D:8)
  A queen bee (D:10)
  5 slime creatures (D:12)
  A hippogriff (D:11)
  3 wraiths
  A human (D:7)
  A vampire (D:11)
  5 yaks (D:11)
  2 water elementals (D:12)
  4 hogs
  2 hungry ghosts
  3 vampire mosquitoes (D:12)
  Duvessa (D:5)
  2 acid dragons
  A sky beast (D:9)
  8 orc warriors
  5 ice beasts
  A black bear (D:6)
  2 eyes of draining
  2 phantoms
  7 ogres
  5 centaurs
  3 big kobolds (D:12)
  7 bullfrogs
  Dowan (D:5)
  A wyvern skeleton (D:8)
  3 scorpions
  31 killer bees
  11 wights
  2 howler monkeys (D:5)
  3 electric eels (D:12)
  7 crimson imps
  A bullfrog zombie (D:10)
  2 centaur zombies
  2 jellies
  5 hounds
  2 quasits
  Crazy Yiuf (D:7)
  2 centaur skeletons
  4 bullfrog skeletons
  10 orc priests
  13 orc wizards
  An iguana (D:7)
  Ijyb (D:5)
  6 worker ants
  2 hound skeletons
  2 worker ant zombies
  Robin (D:3)
  5 gnolls
  16 adders
  5 shadow imps
  11 oozes
  2 adder skeletons
  An adder zombie (D:5)
  A worm (D:6)
  2 dart slugs
  15 leopard geckos
  61 orcs
  16 giant cockroaches
  9 goblins
  7 hobgoblins
  18 jackals
  7 kobolds
  4 quokkas
  12 ball pythons (Sewer)
  9 bats
  15 frilled lizards
  7 rats
  5 plants (D:9)
436 creatures vanquished.

Vanquished Creatures (others)
  4 orcs (D:12)
  13 plants (D:9)
17 creatures vanquished.

Grand Total: 453 creatures vanquished

Notes
Turn   | Place    | Note
-------+----------+-------------------------------------------
     0 | D:1      | PentaManta the Merfolk Monk began the quest for the Orb.
     0 | D:1      | Reached XP level 1. HP: 18/18 MP: 1/1
   185 | D:1      | Reached XP level 2. HP: 17/24 MP: 2/2
   517 | D:1      | Reached skill level 5 in Polearms
   517 | D:1      | Reached XP level 3. HP: 30/30 MP: 3/3
  1000 | D:2      | Found a white marble altar of Elyvilon.
  1215 | D:2      | Reached XP level 4. HP: 33/37 MP: 4/4
  1507 | D:2      | Reached skill level 5 in Dodging
  2024 | D:3      | Found a glowing drain.
  2048 | Sewer    | Entered a sewer
  2223 | Sewer    | Reached XP level 5. HP: 36/43 MP: 5/5
  2292 | Sewer    | Reached skill level 6 in Polearms
  2349 | Sewer    | HP: 2/43 [poisoned by an adder]
  2777 | Sewer    | Reached skill level 5 in Fighting
  2777 | Sewer    | Reached XP level 6. HP: 34/51 MP: 6/6
  3189 | D:3      | Found a sacrificial altar of Ru.
  3718 | D:3      | Noticed Robin
  3739 | D:3      | Killed Robin
  3973 | D:4      | Found a shadowy altar of Dithmenos.
  3993 | D:4      | Reached skill level 7 in Polearms
  4155 | D:4      | Found a staircase to the Ecumenical Temple.
  4163 | Temple   | Entered the Ecumenical Temple
  4200 | Temple   | Became a worshipper of Warmaster Okawaru
  4200 | Temple   | Reached * piety under Okawaru
  4200 | Temple   | Reached ** piety under Okawaru
  4690 | D:4      | Noticed a phantom
  4702 | D:4      | Reached XP level 7. HP: 47/56 MP: 7/7
  5120 | D:5      | Entered Level 5 of the Dungeon
  5428 | D:5      | Noticed Duvessa
  5437 | D:5      | Noticed Dowan
  5573 | D:6      | Reached skill level 8 in Polearms
  5732 | D:5      | Killed Duvessa
  5748 | D:5      | Gained mutation: You have a pair of small antennae on your
                  | head. [potion of mutation]
  5748 | D:5      | Gained mutation: Your flesh is heat resistant. (rF+)
                  | [potion of mutation]
  5782 | D:5      | Killed Dowan
  5782 | D:5      | Reached XP level 8. HP: 9/65 MP: 8/8
  6205 | D:5      | Got a sparkling golden amulet
  6216 | D:5      | Identified the amulet "Rylun" {Spirit rF+} (You found it on
                  | level 5 of the Dungeon)
  6362 | D:5      | Noticed Ijyb
  6399 | D:5      | Killed Ijyb
  6510 | D:5      | Reached skill level 10 in Fighting
  6510 | D:5      | Reached skill level 13 in Polearms
  6510 | D:5      | Reached XP level 9. HP: 27/78 MP: 7/9
  7034 | D:6      | Found an opulent altar of Gozag.
  7037 | D:6      | Found an ornate altar of the Wu Jian Council.
  7223 | D:6      | Reached *** piety under Okawaru
  7301 | D:6      | Found Pavivvup's Antique Armour Shoppe.
  7314 | D:6      | Bought a crude ring mail for 171 gold pieces
  7314 | D:6      | Bought a glowing scarf for 152 gold pieces
  7324 | D:6      | Identified the +1 ring mail of Laaziug {+Fly rCorr Dex+4
                  | Slay-6} (You bought it in a shop on level 6 of the Dungeon)
  7895 | D:6      | Found a snail-covered altar of Cheibriados.
  8485 | D:7      | Found a transporter.
  8492 | D:7      | Noticed a cyclops
  8494 | D:7      | Found a roughly hewn altar of Beogh.
  8494 | D:7      | Found a transporter.
  8740 | D:7      | Reached XP level 10. HP: 86/86 MP: 10/10
  8794 | D:7      | Found a runed translucent door.
  8795 | D:7      | Noticed Crazy Yiuf
  8917 | D:6      | Reached **** piety under Okawaru
  9624 | D:7      | Killed Crazy Yiuf
 10125 | D:8      | Noticed a two-headed ogre
 10148 | D:8      | Killed a two-headed ogre
 10148 | D:8      | Reached skill level 14 in Polearms
 10535 | D:8      | Noticed a two-headed ogre
 10595 | D:8      | Killed a two-headed ogre
 10595 | D:8      | Reached ***** piety under Okawaru
 10663 | D:8      | Noticed a two-headed ogre
 10714 | D:8      | Killed a two-headed ogre
 10714 | D:8      | Reached XP level 11. HP: 51/93 MP: 6/11
 10999 | D:8      | Found Cheibriados's Comfort Zone.
 11001 | D:8      | Found a snail-covered altar of Cheibriados.
 11234 | D:9      | Found Wuzycir's Jewellery Shoppe.
 11286 | D:9      | Noticed a two-headed ogre
 11317 | D:9      | Killed a two-headed ogre
 11688 | D:9      | Found a staircase to the Lair.
 11811 | D:9      | Found a blossoming altar of Fedhas.
 12171 | D:9      | Received a gift from Okawaru
 12172 | D:9      | Found the +5 scythe "Finisher" {speed, eviscerate}
 12233 | D:10     | Entered Level 10 of the Dungeon
 12286 | D:10     | Reached skill level 15 in Polearms
 13218 | D:10     | Noticed an unseen horror
 13221 | D:10     | Killed an unseen horror
 13435 | D:11     | Noticed a manticore
 13444 | D:11     | Killed a manticore
 13615 | D:11     | Noticed a two-headed ogre
 13617 | D:11     | Received a gift from Okawaru
 13622 | D:11     | Killed a two-headed ogre
 13965 | D:11     | Found a runed translucent door.
 13965 | D:11     | Found a shimmering altar of Xom.
 13965 | D:11     | Noticed Marjanaama's ghost (journeyman MiBe)
 13965 | D:11     | Noticed a +0 flail of chaos
 14057 | D:11     | Noticed an unseen horror
 14060 | D:11     | Killed an unseen horror
 14078 | D:11     | Reached XP level 12. HP: 103/103 MP: 12/12
 14105 | D:11     | Reached ****** piety under Okawaru
 14202 | D:11     | Reached skill level 16 in Polearms
 14611 | D:12     | Reached skill level 15 in Dodging
 15050 | D:12     | Received a gift from Okawaru
 16503 | D:12     | Noticed a two-headed ogre
 16509 | D:12     | Killed a two-headed ogre
 16730 | D:12     | Reached skill level 17 in Polearms
 17172 | D:12     | Received a gift from Okawaru
 17256 | D:12     | Found a staircase to the Orcish Mines.
 17340 | D:13     | Noticed a centaur warrior
 17557 | D:13     | Killed a centaur warrior
 17833 | D:13     | Reached XP level 13. HP: 75/112 MP: 8/13
 18017 | D:13     | Noticed an ironheart preserver
 18017 | D:13     | Identified the +2 scale mail of the Distant Future {Dex+6}
 18232 | D:13     | Got a translucent dagger
 18559 | D:12     | HP: 2/112 [seven-headed hydra (12)]
 18559 | D:12     | Mangled by a seven-headed hydra

Skill      XL: |  1  2  3  4  5  6  7  8  9 10 11 12 |
---------------+-------------------------------------+-----
Polearms       | 5 6 7 8 13 14 15 17 | 17.4
Fighting       | 4 5 6 10 11 12 13 | 13.9
Dodging        | 5 6 7 12 13 14 16 | 16.2
Stealth        | |  2.1

Action                   |  1- 3 |  4- 6 |  7- 9 | 10-12 | 13-15 || total
-------------------------+-------+-------+-------+-------+-------++-------
Melee: Spear             |    91 |   482 |   313 |       |       ||   886
       Tailslap          |       |    26 |       |    14 |       ||    40
       Trident           |       |       |   429 |   644 |       ||  1073
       Punch             |       |       |     1 |     1 |       ||     2
       Scythe            |       |       |       |   628 |    82 ||   710
Invok: Heroism           |       |       |     2 |     2 |       ||     4
  Use: Potion            |       |       |    12 |     2 |     3 ||    17
       Scroll            |       |       |    14 |     1 |       ||    15
 Stab: Sleeping          |     4 |    11 |     6 |     5 |       ||    26
       Distracted        |       |       |       |     6 |       ||     6
  Eat: Chunk             |       |     8 |     8 |    22 |       ||    38
       Ration            |       |     1 |     2 |     3 |       ||     6
Armor: Robe              |     1 |    55 |    22 |       |       ||    78
       Ring mail         |       |       |    45 |   108 |    21 ||   174
Dodge: Dodged            |    44 |   370 |   524 |   886 |   213 ||  2037
